Map: Oxide LE

Players

chente

  • Race: Terran Terran
  • League: Diamond
  • Spawn Location: 7:00

Heeebster - Winner!

  • Race: Protoss Protoss
  • League: Diamond
  • Spawn Location: 1:00

VOD

Have the link to the VOD?

Description

Time

  • Played on: Nov. 17, 2020, 1:06 p.m.
  • Length: 6:58
Show
View Real Time Build Order
Export as new Build Order

chente Terran 

Build Orders: Reaper Expand 

Get SALT Encoding   

  12  0:00  SCV  
  13  0:12  SCV  
  14  0:17  Supply Depot  
  14  0:24  SCV  
  15  0:38  SCV  
  15  0:40  Barracks  
  16  0:44  Refinery  
  16  0:50  SCV  
  17  1:02  SCV  
  18  1:15  SCV  
  19  1:28  Orbital Command, Reaper  
  20  1:49  Command Center  
  20  1:55  SCV  
  21  2:02  Supply Depot, Marine  
  22  2:10  Factory, SCV  
  23  2:23  Barracks Reactor  
  23  2:24  SCV  
  23  2:26  Refinery  
  24  2:36  SCV  
  25  2:47  Barracks  
  25  2:49  SCV  
  26  3:00  Marine x2  
  26  3:01  Orbital Command  
  26  3:03  SCV  
  26  3:04  Factory Tech Lab  
  29  3:15  SCV  
  29  3:19  Marine x2  
  32  3:23  Bunker  
  32  3:25  Cyclone  
  32  3:37  Marine x2  
  30  3:55  Barracks Tech Lab  
  30  3:56  Mag-Field Accelerator  
  30  3:59  Cyclone  
  33  4:07  Marine x2  
  33  4:08  SCV  
  36  4:12  SCV  
  37  4:18  Supply Depot  
  37  4:21  SCV  
  37  4:23  Stimpack  
  39  4:25  Marine, Marauder  
  39  4:26  Marine  
  41  4:43  Cyclone  
  39  4:47  Marine  
  36  4:55  Marine  
  31  5:01  Marine  
  31  5:12  Marine  
  31  5:13  Marine  
  30  5:25  Marauder  
  28  5:35  Marine  
  26  5:41  Cyclone  
  23  6:00  Marine  
  20  6:04  Marine  
  20  6:10  SCV  
  18  6:28  SCV  
  18  6:29  SCV  
  22  6:33  Marine x3  
Show
View Real Time Build Order
Export as new Build Order

Heeebster Protoss - Winner!

Build Orders: Oracle Opening 

Get SALT Encoding   

  12  0:00  Probe  
  13  0:13  Probe (Chrono Boost)  
  14  0:17  Pylon  
  14  0:25  Probe (Chrono Boost)  
  15  0:34  Probe (Chrono Boost)  
  16  0:37  Gateway  
  16  0:44  Assimilator  
  16  0:45  Probe  
  17  0:51  Assimilator  
  17  0:57  Probe  
  18  1:09  Probe  
  19  1:22  Probe  
  20  1:28  Cybernetics Core, Pylon  
  20  1:34  Pylon, Probe  
  21  1:46  Probe  
  22  1:58  Probe  
  23  2:05  Stargate  
  23  2:06  Stalker (Chrono Boost)  
  25  2:09  Warp Gate  
  24  2:26  Probe  
  24  2:28  Gateway  
  24  2:29  Stalker (Chrono Boost)  
  27  2:50  Oracle (Chrono Boost)  
  28  3:00  Probe  
  29  3:11  Pylon  
  29  3:13  Probe  
  29  3:19  Gateway  
  30  3:22  Oracle (Chrono Boost)  
  30  3:24  Gateway  
  33  3:48  Void Ray  
  33  4:12  Stalker x2  
  37  4:19  Stalker  
  37  4:20  Stalker  
  34  5:03  Stalker x4  
  34  5:27  Stalker x2  
  38  5:33  Pylon  
  38  5:34  Pylon  
  30  6:05  Stalker x4  
  36  6:15  Pylon  
  34  6:32  Stalker  
  34  6:33  Stalker x3  
Tags
 
Add a new tag
Caveats
  • Supply blocks, unpowered buildings, or Contaminate may cause inaccurate times.
  • Supply counts are checked every 10 seconds.